 Dungeon Crawl Stone Soup version 0.26.1-11-gd32895ea62 (webtiles) character file.

Game seed: 1412980963677114240

12896 HawFromDerth the Severer (level 12, -8/105 HPs)
             Began as a Hill Orc Berserker on June 9, 2021.
             Was an Elder of Trog.
             Mangled by Sonja
             ... wielding a +0 dagger of distortion
              (18 damage)
             ... on level 11 of the Dungeon.
             The game lasted 00:27:59 (15327 turns).

HawFromDerth the Severer (Hill Orc Berserker)      Turns: 15327, Time: 00:27:59

Health: -8/105     AC: 19    Str: 25    XL:     12   Next: 0%
Magic:  21/21      EV:  8    Int:  7    God:    Trog [****..]
Gold:   430        SH:  5    Dex: 10    Spells: 11/11 levels left

rFire    . . .     SeeInvis .   h - +2 war axe (elec)
rCold    . . .     Faith    .   (no shield)
rNeg     . . .     Spirit   .   v - +1 plate armour
rPois    .         Reflect  +   (no helmet)
rElec    .         Harm     .   q - +0 cloak
rCorr    .         Rampage  .   (no gloves)
Will     .....                  G - +1 pair of boots {Fly}
Stlth    ..........             k - amulet of reflection
HPRegen  0.27/turn              p - ring of magical power
MPRegen  0.17/turn              (no ring)

@: about to teleport, flying, slowed, very slow
A: no striking features
a: Stop Flying, Renounce Religion, Berserk, Trog's Hand, Brothers in Arms


You were on level 11 of the Dungeon.
You worshipped Trog.
Trog was greatly pleased with you.
You visited 1 branch of the dungeon, and saw 11 of its levels.

You collected 661 gold pieces.
You spent 231 gold pieces at shops.

Inventory:

Hand Weapons
 a - a +1 falchion
 h - a +2 war axe of electrocution (weapon)
 n - a +2 vorpal hand axe
Armour
 b - a +0 animal skin
 m - a +0 scale mail
 q - a +0 cloak (worn)
 s - a +0 pair of boots
 v - a +1 plate armour (worn)
 A - +0 steam dragon scales
 G - a +1 pair of boots of flying (worn)
Jewellery
 k - an amulet of reflection (around neck)
 p - a ring of magical power (left hand)
 r - a +6 ring of strength {unknown}
 w - an uncursed amulet of faith
 y - a +6 ring of intelligence {unknown}
 B - a +6 ring of dexterity {unknown}
 E - an uncursed ring of magical power
 I - an uncursed ring of wizardry {unknown}
Wands
 o - a wand of flame (3)
 D - a wand of enslavement (7)
 H - a wand of polymorph (8)
Scrolls
 c - 12 scrolls of identify
 d - 5 scrolls of teleportation
 i - a scroll of blinking
 j - 3 scrolls of magic mapping
 l - 5 scrolls of remove curse
 t - 2 scrolls of fog {unknown}
 z - a scroll of immolation {unknown}
 J - 4 scrolls of fear {unknown}
 K - a scroll of holy word
Potions
 e - 4 potions of lignification
 f - a potion of attraction
 g - 2 potions of curing
 u - 2 potions of degeneration {unknown}
 x - a potion of heal wounds {unknown}
 C - a potion of flight {unknown}
 F - 3 potions of might {unknown}


   Skills:
 + Level 9.4 Fighting
 - Level 5.9 Long Blades
 * Level 16.3 Axes
 + Level 9.8 Armour
 + Level 3.5 Dodging
 + Level 3.6 Shields
 - Level 0.1 Evocations


You had 11 spell levels left.
You didn't know any spells.
Your spell library was empty.

Dungeon Overview and Level Annotations

Branches:
Dungeon (11/15)            Temple (0/1) D:7            Lair (0/6) D:11
    Orc (0/2) D:10

Altars:
Dithmenos
Elyvilon
Gozag
Nemelex Xobeh
Qazlal
Ru
Sif Muna
Uskayaw
Xom
The Shining One

Shops:
D:6 ?   D:10 [

Annotations:
D:11 Sonja


Message History

Sonja hits you but does no damage. Space warps horribly around you!
* * * LOW HITPOINT WARNING * * *
A manticore comes into view.
Sonja hits you but does no damage.
You blink.
You feel better. The manticore barely misses you.
The manticore claws you but does no damage. x2
Blink to where?
Press: ? - help, Dir - move target
As you read the scroll of blinking, it crumbles to dust.
Sonja casts a spell.
Sonja blinks!
As you read the scroll of teleportation, it crumbles to dust.
You feel strangely unstable. Sonja hits you but does no damage. x2
Space bends around you.
* * * LOW HITPOINT WARNING * * *
You block Sonja's attack. Sonja hits you but does no damage.
Space warps horribly around you!
* * * LOW HITPOINT WARNING * * *
Sonja hits you but does no damage. Space warps horribly around you!!
You die...

...........# ##......#.....
#######.##.# #...###.#.###.
#.##.# #.......#.....
#########.##.# #....#.....#..
#...........># #....#.###.#(#
#.####.####### #....#.....#).
#.# #.# #........#..(.) #.#
#.#########.#..###.#.###.
#(####.H....K@...#... ..#.....
#.(.†.§.###########........#..
#####H..# .[.###.#.# #...#
##......#.. ....# ##........
.....# ##...###z ###.#.#
......... ..... ####.....
#.#..# ##...#


You could see a manticore and Sonja.

Vanquished Creatures
  A boulder beetle (D:11)
  Nergalle (D:11)
  A skeletal warrior (D:11)
  An unseen horror (D:10)
  A wizard (D:11)
  Maggie (D:9)
  A troll (D:11)
  A wyvern (D:11)
  A vampire (D:9)
  Grum (D:11)
  4 yaks (D:9)
  The ghost of Eitelfritz the Slasher, an amateur DsGl (D:4)
  A water moccasin (D:11)
  2 ice beasts
  3 sky beasts
  4 black bears
  2 necrophages (D:6)
  9 orc warriors
  8 centaurs
  3 wolves (D:11)
  10 ogres
  5 phantoms
  A big kobold (D:10)
  A gnoll sergeant (D:8)
  2 bullfrogs
  7 scorpions
  6 killer bees
  An electric eel (D:8)
  7 wights
  3 howler monkeys
  2 bullfrog zombies
  2 centaur zombies
  2 bullfrog skeletons
  10 orc priests
  2 centaur skeletons
  5 hounds
  4 iguanas
  6 orc wizards
  12 worker ants
  A hound skeleton (D:11)
  2 howler monkey zombies
  3 gnolls (D:8)
  A howler monkey skeleton (D:4)
  9 adders
  2 shadow imps
  3 white imps
  2 ufetubi
  2 oozes
  An adder zombie (D:8)
  A worm (D:2)
  4 dart slugs
  4 leopard geckos
  29 orcs
  A ball python (D:2)
  4 giant cockroaches
  4 goblins
  8 hobgoblins
  4 jackals
  3 quokkas
  7 bats
  11 frilled lizards
  2 goblin skeletons (D:9)
  6 hobgoblin zombies (D:9)
  10 kobolds
  A kobold skeleton (D:9)
  2 kobold zombies (D:9)
  A leopard gecko zombie (D:5)
  2 orc zombies (D:9)
  A quokka skeleton (D:8)
  A quokka zombie (D:6)
  11 rats
278 creatures vanquished.

Vanquished Creatures (collateral kills)
  An unseen horror (D:11)
  A cyclops (D:11)
  An ugly thing (D:11)
  3 yaks (D:11)
  A water moccasin (D:11)
  An electric eel (D:8)
  A bullfrog skeleton (D:11)
9 creatures vanquished.

Vanquished Creatures (others)
  58 fungi (D:11)
  55 plants (D:11)
113 creatures vanquished.

Grand Total: 400 creatures vanquished

Notes
Turn   | Place    | Note
-------+----------+-------------------------------------------
     0 | D:1      | HawFromDerth the Hill Orc Berserker began the quest for the
                  | Orb.
     0 | D:1      | Reached XP level 1. HP: 19/19 MP: 1/1
   168 | D:1      | Reached XP level 2. HP: 18/27 MP: 2/2
   685 | D:1      | Reached XP level 3. HP: 17/33 MP: 3/3
  1193 | D:2      | Found a hide-covered altar of Uskayaw.
  1229 | D:2      | Reached ** piety under Trog
  1670 | D:2      | Found a shadowy altar of Dithmenos.
  1737 | D:2      | Reached XP level 4. HP: 32/40 MP: 4/4
  2201 | D:2      | Noticed a bullfrog
  2209 | D:2      | Killed a bullfrog
  2210 | D:2      | Reached XP level 5. HP: 36/47 MP: 5/5
  3697 | D:4      | Reached skill level 5 in Long Blades
  3707 | D:4      | Noticed a phantom
  3713 | D:4      | Noticed a phantom
  3740 | D:4      | Killed a phantom
  3741 | D:4      | Reached XP level 6. HP: 26/55 MP: 6/6
  3789 | D:4      | Killed a phantom
  3790 | D:4      | Reached skill level 5 in Fighting
  4170 | D:4      | Reached XP level 7. HP: 57/61 MP: 7/7
  4859 | D:4      | Reached *** piety under Trog
  4860 | D:4      | Reached skill level 1 in Axes
  5120 | D:4      | Reached skill level 5 in Armour
  5503 | D:4      | Found a runed translucent gate.
  5503 | D:4      | Found a runed translucent gate.
  5503 | D:4      | Found a runed translucent gate.
  5505 | D:4      | Noticed Eitelfritz's ghost (amateur DsGl)
  5791 | D:4      | Killed Eitelfritz's ghost
  5792 | D:4      | Reached skill level 3 in Axes
  6084 | D:5      | Entered Level 5 of the Dungeon
  6268 | D:5      | Reached skill level 4 in Axes
  6268 | D:5      | Reached XP level 8. HP: 36/70 MP: 8/8
  6743 | D:5      | Reached skill level 5 in Axes
  6899 | D:5      | Found a white marble altar of Elyvilon.
  7045 | D:5      | Reached skill level 6 in Axes
  7284 | D:5      | Reached skill level 7 in Axes
  7909 | D:6      | Reached XP level 9. HP: 74/78 MP: 9/9
  8073 | D:6      | Reached skill level 8 in Axes
  8073 | D:6      | Reached skill level 1 in Shields
  8137 | D:6      | Found a sacrificial altar of Ru.
  8154 | D:6      | Found Otewait's Magic Scroll Shoppe.
  8341 | D:7      | Reached skill level 9 in Axes
  8350 | D:7      | Reached **** piety under Trog
  8388 | D:7      | Found a staircase to the Ecumenical Temple.
  8531 | D:7      | Reached skill level 10 in Axes
  8866 | D:7      | Found a stormy altar of Qazlal.
  9039 | D:7      | Found an opulent altar of Gozag.
  9207 | D:7      | You fall into a shaft and drop 2 floors!
  9210 | D:9      | Found a shimmering blue altar of Sif Muna.
  9348 | D:9      | Noticed Maggie
  9370 | D:9      | Killed Maggie
  9371 | D:9      | Reached skill level 11 in Axes
  9538 | D:9      | Reached XP level 10. HP: 50/88 MP: 10/10
 10067 | D:9      | Found a glowing golden altar of the Shining One.
 10120 | D:9      | Reached skill level 12 in Axes
 10343 | D:9      | Reached ***** piety under Trog
 10645 | D:9      | Found a shimmering altar of Xom.
 10773 | D:8      | Found a sparkling altar of Nemelex Xobeh.
 10967 | D:8      | Found a shadowy altar of Dithmenos.
 11041 | D:8      | Reached skill level 13 in Axes
 11187 | D:8      | Received a gift from Trog
 12640 | D:10     | Entered Level 10 of the Dungeon
 12688 | D:10     | Killed an unseen horror
 12804 | D:10     | Reached skill level 14 in Axes
 12804 | D:10     | Reached XP level 11. HP: 95/95 MP: 11/11
 12988 | D:10     | Found a staircase to the Orcish Mines.
 12989 | D:10     | Found Cozoduiq's Armour Shoppe.
 13064 | D:10     | Bought a +1 pair of boots of flying for 231 gold pieces
 13660 | D:11     | Noticed a wizard
 13664 | D:11     | Killed a wizard
 13667 | D:11     | Noticed a skeletal warrior
 13702 | D:11     | Killed an unseen horror
 13703 | D:11     | Killed a skeletal warrior
 13704 | D:11     | Reached skill level 15 in Axes
 13851 | D:11     | Noticed Nergalle
 13861 | D:11     | Killed Nergalle
 14083 | D:11     | Noticed Grum
 14090 | D:11     | Killed Grum
 14528 | D:11     | Found a staircase to the Lair.
 14533 | D:11     | Noticed a cyclops
 14557 | D:11     | Killed a cyclops
 14568 | D:11     | Noticed a brown ugly thing
 14572 | D:11     | Killed a brown ugly thing
 14577 | D:11     | Reached skill level 16 in Axes
 14849 | D:11     | Noticed a boulder beetle
 14865 | D:11     | Killed a boulder beetle
 15310 | D:11     | Noticed Sonja
 15317 | D:11     | Reached XP level 12. HP: 98/105 MP: 12/12
 15327 | D:11     | Mangled by Sonja

Illustrated notes

Levels and vault maps discovered:
D:1:      dpeg_arrival_solitude, layout_loops_cross, minmay_heptomino_l4
D:2:      layout_basic, lemuel_round_altar, minmay_misc_feat_nine_boxes,
          grunt_dithmenos_smoke_and_mirrors
D:3:      minmay_angry_zag, layout_basic
D:4:      layout_rooms, gammafunk_ghost_necromancy
D:5:      minmay_skewed_foursquare, layout_basic, overflow_temple_1_default,
          minmay_misc_feat_square, chequers_serial_rivers_small_b
D:6:      layout_gridville, kennysheep_mini, serial_shops, shop
D:7:      layout_basic, nicolae_overflow_hidden_temple, lemuel_crystal_altar,
          kennysheep_mini_moat, minmay_temple_entry_large_hall,
          grunt_decor_junction
D:8:      statuecave_lemuel, layout_layer_cave,
          nemelex_xobeh_ov_fountains_minmay, lemuel_round_altar
D:9:      layout_roguey, nicolae_tso_besieged_by_evil,
          grunt_temple_overflow_open, uniq_maggie
D:10:     layout_stronghold, orc_david_3, minmay_between
D:11:     hangedman_cross_stitches, layout_loops_ring,
          due_lair_maze_entry_diamond, uniq_nergalle, uniq_grum, uniq_sonja

Skill      XL: |  1  2  3  4  5  6  7  8  9 10 11 |
---------------+----------------------------------+-----
Fighting       | 4 5 6 7 8 9 |  9.4
Long Blades    | 4 5 |  5.9
Dodging        | 2 3 |  3.5
Armour         | 3 4 5 6 7 8 9 |  9.8
Axes           | 4 7 11 14 16 | 16.3
Shields        | 1 2 3 |  3.6
Evocations     | |  0.1

Action                   |  1- 3 |  4- 6 |  7- 9 | 10-12 || total
-------------------------+-------+-------+-------+-------++-------
Melee: Falchion          |    91 |   121 |    13 |       ||   225
       War axe           |       |       |   258 |   323 ||   581
       Hand axe          |       |       |    35 |       ||    35
Invok: Berserk           |     3 |     1 |     5 |     1 ||    10
       Brothers in Arms  |       |       |       |     5 ||     5
Evoke: Wand              |       |     2 |       |       ||     2
  Use: Scroll            |     7 |       |     9 |     5 ||    21
       Potion            |       |     7 |     1 |     6 ||    14
Armor: Animal skin       |    18 |       |       |       ||    18
       Ring mail         |     6 |    28 |       |       ||    34
       Scale mail        |       |    10 |    66 |       ||    76
       Plate armour      |       |       |    58 |   199 ||   257
Dodge: Dodged            |    70 |    55 |   142 |    94 ||   361
Block: Other             |       |       |    56 |    83 ||   139
       Reflection        |       |       |     4 |     8 ||    12
       Rpst.: Falchion   |    28 |    22 |     4 |       ||    54
